Cogmind - Beta 14 @@@ ROGUE MODE // 2024.09.01 @ 04:23:19 Player: MOPO3 Result: Destroyed by S-10 Pest with Light Assault Rifle Performance ------------- Evolutions (0) 0 Regions Visited (2) 400 Robots Destroyed (17) 85 Value Destroyed (290) 290 Prototype IDs (0) 0 Alien Tech Used (0) 0 Bonus (0) 0 TOTAL SCORE: 775 Bonus ------- None Cogmind --------- Core Integrity 0/250 Matter 291/300 Energy 125/125 System Corruption 0% Temperature Cool (20) Movement Rolling (130) Ox2 Location -10/Mines Parts ------- > --- POWER (1) -------- Light Ion Engine > --- PROPULSION (2) --- Compact Wheel Compact Wheel > --- UTILITY (2) ------ Huge Storage Unit Signal Interpreter > --- WEAPON (2) ------- Small Laser Light Assault Rifle > --- INVENTORY (25) --- Light Ion Engine Wheel Wheel Wheel Signal Interpreter Small Laser Hammer Peak State ------------ > --- POWER ------------ Ion Engine > --- PROPULSION ------- Wheel Wheel > --- UTILITY ---------- Huge Storage Unit Signal Interpreter > --- WEAPON ----------- Medium Laser Assault Rifle > --- INVENTORY -------- Light Ion Engine Light Ion Engine Wheel Compact Wheel Compact Wheel Large Storage Unit Signal Interpreter Small Laser Small Laser Hammer [Rating: 8] Favorites ----------- Power Light Ion Engine Engine Light Ion Engine Propulsion Compact Wheel Wheel Compact Wheel Utility Signal Interpreter Storage Huge Storage Unit Processor Signal Interpreter Weapon Assault Rifle Energy Gun Medium Laser Ballistic Gun Assault Rifle Build | -11 -10 -10 ------- Run | Yrd Mat Min Slots Evolved . | . . . Power . | . . . Propulsion . | . . . Utility . | . . . Weapon . | . . . Parts Attached 22 | 7 15 . Power 3 | 1 2 . Engine 3 | 1 2 . Core . | . . . Reactor . | . . . Propulsion 9 | 2 7 . Treads . | . . . Leg . | . . . Wheel 9 | 2 7 . Hover . | . . . Flight . | . . . Utility 4 | 1 3 . Device . | . . . Storage 3 | 1 2 . Processor 1 | . 1 . Hackware . | . . . Protection . | . . . Artifact . | . . . Weapon 6 | 3 3 . Energy Gun 3 | 2 1 . Energy Cannon . | . . . Ballistic Gun 3 | 1 2 . Ballistic Cannon . | . . . Launcher . | . . . Special Weapon . | . . . Impact Weapon . | . . . Slashing Weapon . | . . . Piercing Weapon . | . . . Special Melee Weapon . | . . . Unidentified Prototypes . | . . . Parts Lost 5 | . 5 . Power 2 | . 2 . Propulsion 1 | . 1 . Utility . | . . . Weapon 2 | . 2 . Highest Loss Streak 3 | . 3 . To Critical Strikes . | . . . Average Slot Usage (%) 94 | . 92 100 Engine 13 | . 13 14 Wheel 27 | . 27 28 Storage 14 | . 14 14 Processor 10 | . 8 14 Energy Gun 13 | . 13 14 Ballistic Gun 13 | . 13 14 Peak Build Rating 8 | 6 8 7 Average Rating 6 | 4 6 7 On Entrance 4 | . 6 7 Naked Turns . | . . . Heaviest Build 89 | 12 89 85 Greatest Support 32 | 26 32 32 Greatest Overweight (x) 4 | . 4 2 Average Overweight (x) . | . . 2 Largest Inventory Capacity 25 | 8 25 25 Average Capacity 17 | 7 14 25 Most Carried 10 | 2 10 7 Average Carried 6 | 1 6 7 Final Capacity 25 | 8 25 25 Final Carried 7 | 2 7 7 Class Distribution -------------------- 100% | Mutant Dominant Class ---------------- Mutant | -10/Materials Mutant | -10/Mines Resources | -11 -10 -10 ----------- Run | Yrd Mat Min Matter Collected 539 | 182 357 . Remotely . | . . . Salvage Created 463 | . 445 18 Parts 22 | . 21 1 Haulers Intercepted . | . . . Recyclers Shooed 1 | . 1 . Parts Field Recycled . | . . . Retrieved Matter . | . . . Parts Self-Destructed . | . . . Prevented . | . . . Kills | -11 -10 -10 ------- Run | Yrd Mat Min Combat Hostiles Destroyed 15 | . 14 1 Guns 15 | . 14 1 Classes Destroyed 4 | . 4 . Worker 1 | . 1 . Recycler 1 | . 1 . Swarmer 10 | . 9 1 Grunt 5 | . 5 . Best Kill Streak 7 | . 7 1 Combat Bots Only 6 | . 6 1 Max Kills in Single Turn 1 | . 1 1 Gunslinging . | . . . Exploded . | . . . Melee . | . . . Uniques/NPCs Destroyed . | . . . Combat | -11 -10 -10 -------- Run | Yrd Mat Min Hostile Shots Fired 116 | . 102 14 Missed 35 | . 29 6 Damage Taken 756 | . 693 63 Core 256 | . 227 29 Absorbed by Shields . | . . . Regen/Repaired (Parts) 108 | . 108 . Core Remaining (%) 100 | 100 . . Volleys Fired 59 | . 50 9 Largest 2 | . 2 2 Hottest 70 | . 70 60 Shots Fired 97 | . 79 18 Gun 97 | . 79 18 Cannon . | . . . Launcher . | . . . Special . | . . . Kinetic 59 | . 50 9 Thermal 38 | . 29 9 Explosive . | . . . Electromagnetic . | . . . Robot Hit Streak 12 | . 12 4 Robot Miss Streak 3 | . 2 3 Penetration Max . | . . . Secondary Targets 3 | . 2 1 Max Gunslinging Chain 1 | . 1 1 Shots Hit Robots 52 | . 47 5 Core Hits 26 | . 24 2 Critical Kills 1 | . 1 . Critical Parts Destroyed . | . . . Critical Strikes 7 | . 7 . Burn 6 | . 6 . Destroy 1 | . 1 . Melee Attacks . | . . . Impact . | . . . Slashing . | . . . Piercing . | . . . Sneak Attacks . | . . . Combat Hostiles . | . . . Follow-up Attacks . | . . . Damage Inflicted 635 | . 587 48 Guns 635 | . 587 48 Cannons . | . . . Explosions . | . . . Melee . | . . . Ramming . | . . . Kinetic 355 | . 340 15 Thermal 280 | . 247 33 Explosive . | . . . Electromagnetic . | . . . Impact . | . . . Slashing . | . . . Piercing . | . . . Highest Corruption . | . . . Average Corruption . | . . . Corruption Purged . | . . . Corruption Blocked . | . . . Overload Shots . | . . . Overflow Damage . | . . . Projectiles . | . . . Explosions . | . . . Melee . | . . . Knockbacks . | . . . Impact . | . . . Kinetic . | . . . Secondary . | . . . Self-Inflicted Damage . | . . . Shots . | . . . Rammed . | . . . Targets Rammed . | . . . Kicked . | . . . Crushed . | . . . Highest Temperature 48 | . 48 20 Average Temperature 13 | . 13 15 Received Heat Transfer 198 | . 198 . Siege Activations . | . . . Robots Corrupted . | . . . Combat Hostiles . | . . . Parts Fried . | . . . Impact Corruptions . | . . . Robots Melted . | . . . Combat Hostiles . | . . . Parts Melted 1 | . 1 . Heat Transferred 1235 | . 1160 75 Parts Sabotaged . | . . . Parts Stolen . | . . . Parts Stripped . | . . . Power Chain Reactions . | . . . Alert | -11 -10 -10 ------- Run | Yrd Mat Min Peak Influence 188 | . 188 35 Initial . | . . . Average 56 | . 79 . Maximum Alert Level . | . . . Low Security (%) 100 | 100 100 100 Level 1 . | . . . Level 2 . | . . . Level 3 . | . . . Level 4 . | . . . Level 5 . | . . . High Security . | . . . Max Security . | . . . Squads Dispatched 2 | . 2 . Investigation 1 | . 1 . Extermination . | . . . Reinforcement 1 | . 1 . Assault . | . . . Garrison . | . . . Intercept . | . . . Searches Triggered . | . . . Construction Impeded . | . . . Haulers Reinforced . | . . . Active Scanning Responses . | . . . Cargo Convoy Interrupts . | . . . Stealth | -11 -10 -10 --------- Run | Yrd Mat Min Distress Signals 1 | . 1 . Communications Jammed . | . . . Distress Signals . | . . . Times Spotted 21 | . 18 3 Peak Tracking Total 7 | . 7 3 Tactical Retreats 2 | . 1 1 Traps | -11 -10 -10 ------- Run | Yrd Mat Min Traps Triggered 1 | . 1 . Indirectly . | . . . Trap Hack Attempts . | . . . Triggered . | . . . Disarmed . | . . . Reprogrammed . | . . . Reused . | . . . Traps Extracted . | . . . Installed . | . . . Triggered . | . . . Machines | -11 -10 -10 ---------- Run | Yrd Mat Min Machines Disabled . | . . . Max in Single Turn . | . . . Machines Repaired . | . . . Machines Dismantled . | . . . Machines Sabotaged . | . . . Overloaded Fab Kills . | . . . Hacking | -11 -10 -10 --------- Run | Yrd Mat Min Machines Accessed 5 | . 5 . Terminals 3 | . 3 . Fabricators . | . . . Repair Stations 1 | . 1 . Recycling Units 1 | . 1 . Scanalyzers . | . . . Garrison Access . | . . . Total Hacks 17 | . 17 . Successful 11 | . 11 . Failed 6 | . 6 . Catastrophic 2 | . 2 . Database Lockouts . | . . . Manual 5 | . 5 . Terminals 5 | . 5 . Fabricators . | . . . Repair Stations 10 | . 10 . Recycling Units 2 | . 2 . Scanalyzers . | . . . Garrison Access . | . . . Terminal Hacks 1 | . 1 . Branch Access Points 1 | . 1 . Fabricator Hacks . | . . . Repair Station Hacks 8 | . 8 . Scan Component 4 | . 4 . Repair 4 | . 4 . Recycling Unit Hacks 1 | . 1 . Retrieve Components 1 | . 1 . Scanalyzer . | . . . Garrison Access Hacks . | . . . Unauthorized Hacks 1 | . 1 . Terminals 1 | . 1 . Botnet 1 | . 1 . Fabricators . | . . . Repair Stations . | . . . Recycling Units . | . . . Scanalyzers . | . . . Garrison Access . | . . . Data Cores Recovered . | . . . Used . | . . . Hacking Detections 5 | . 5 . Full Trace Events . | . . . Feedback Events . | . . . Feedback Blocked . | . . . Robot Schematics Acquired . | . . . Robots Built . | . . . Authchips . | . . . Time . | . . . Total Robot Build Rating . | . . . Part Schematics Acquired . | . . . Parts Built . | . . . Authchips . | . . . Time . | . . . Total Part Build Rating . | . . . Parts Repaired 4 | . 4 . Time 104 | . 104 . Parts Recycled . | . . . Recycled Matter . | . . . Retrieved Matter . | . . . Retrieved Components 7 | . 7 . Parts Scanalyzed . | . . . Part Schematics Acquired . | . . . Parts Damaged . | . . . Bothacking | -11 -10 -10 ------------ Run | Yrd Mat Min Used RIF Installer . | . . . Robots Hacked . | . . . Non-combat . | . . . Combat . | . . . Robot Hacks Applied . | . . . Relay Couplers Released . | . . . Fabnet Peak Effective % . | . . . Robots Rewired . | . . . Allies Hacked . | . . . Hacks Repelled . | . . . Allies | -11 -10 -10 -------- Run | Yrd Mat Min Total Allies . | . . . Largest Group . | . . . Highest-Rated Group . | . . . Highest-Rated Ally . | . . . Total Orders . | . . . Ally Attacks . | . . . Total Damage . | . . . Kills . | . . . Allies Corrupted . | . . . Allies Melted . | . . . Intel | -11 -10 -10 ------- Run | Yrd Mat Min Robot Analysis Total . | . . . Derelict Logs Recovered . | . . . Drone Launches . | . . . Drone Recoveries . | . . . Exploration | -11 -10 -10 ------------- Run | Yrd Mat Min Turns Passed 1149 | 47 817 285 Spaces Moved 682 | 40 442 200 Core 3 | 3 . . Treads . | . . . Legs . | . . . Wheels 679 | 37 442 200 Hover . | . . . Flight . | . . . Fastest Speed 50 | 50 80 130 Average Speed 108 | 86 100 130 Slowest Speed 140 | 90 140 130 Overloaded Moves . | . . . Propulsion Burnouts . | . . . Robots Hopped . | . . . Cave-ins Triggered . | . . . Exploration Rate (%) 36 | 5 56 48 Regions Visited 2 Branch Regions 1 Pre-discovered Areas . | . . . Known Exits Taken 1 | . 1 . Unknown Exits Taken 1 | 1 . . Scrap Searched . | . . . Spaces Dug . | . . . Terrain Destroyed . | . . . Melee . | . . . Projectile . | . . . AOE . | . . . Terrain Rammed . | . . . Walls Destroyed . | . . . Machines Disabled . | . . . Actions | -11 -10 -10 --------- Run | Yrd Mat Min Total 989 | 48 732 209 Wait 212 | . 212 . Move 680 | 39 441 200 Hop . | . . . Pick Up 14 | 2 12 . Fast Attach 8 | 6 2 . Attach 5 | . 5 . Detach . | . . . Swap 9 | 1 8 . Drop 2 | . 2 . Fire 59 | . 50 9 Melee . | . . . Ram . | . . . Kick . | . . . Crush . | . . . Escape Stasis . | . . . Rewire . | . . . Trap . | . . . Miscellaneous . | . . . Route ------- -11/Scrapyard -10/Materials (discovered 2 exits: *Mat / *Min) -10/Mines History --------- Turn | Location | Event 12 | -11/Scrapyard | Discovered new exit (range 15) 48 | -11/Scrapyard | Entered Materials 224 | -10/Materials | Identified exit to Mines 304 | -10/Materials | Build established: Mutant 394 | -10/Materials | Repaired Wheel 423 | -10/Materials | Repaired Com. Wheel 450 | -10/Materials | Repaired Wheel 477 | -10/Materials | Repaired Assault Rifle 518 | -10/Materials | Discovered new exit (range 10) 561 | -10/Materials | Identified exit to Materials 775 | -10/Materials | Core integrity fell below 50% 799 | -10/Materials | Core integrity fell below 20% 837 | -10/Materials | Lost 3 parts (1p1n1w) 865 | -10/Materials | Entered Mines 868 | -10/Mines | Met a Derelict bent on vengeance 1150 | -10/Mines | Destroyed by S-10 Pest with Light Assault Rifle Last Messages --------------- R-06 Scavenger collects Lgt. Ion Engine. R-06 Scavenger collects Ion Engine. Ion Engine destroyed. R-06 Scavenger collects Tractor Beam. G-34 Mercenary destroyed. Com. Wheel destroyed. Assault Rifle destroyed. G-34 Mercenary destroyed. Acquired Com. Wheel. Acquired 90 matter. Acquired 47 matter. R-06 Scavenger collects Aluminum Leg. Acquired 1 matter. Acquired 10 matter. Recycling unit begins recycling process. LOCATION=MINES GOAL=ESCAPE K-01 Serf collects debris. S-10 Pest destroyed. Switching to secondary target: S-10 Pest. Map ----- +----------------------------------------------------+ | | | | | | | | | | | | | | | | | | | | | | | | | | | | | | | | | | | | | | | | | ?????????????????????????????????????????????????? | | ?????????????????????????????????????????????????? | | ???????????????????????######????????????????????? | | #############?????????## s #######??????????????? | | #?????##### [% $ ???????? | | ########## #?????# @## ???????? | | ?????????# #?????# ##??? ########??????????? | | ?????????# #?????### ##???????????????????????? | | ?????????# #???????## #????????????????????????? | | ?????????# ##???????# #????????????????????????? | | ????????## ##??????# #????????????????????????? | | ?????#### ##????## #????????????????????????? | | ????## ##???# #????????????????????????? | | ????# ##?## ##???????????????????????? | | ??### ### ##??????????????????????? | | ??# #??????????????????????? | | ??# # #??????????????????????? | | ??# ###### ##?????????????????????? | | ??# ?????## ##????????????????????? | | ??#???????## #????????????????????? | | ???????????# #????????????????????? | | ???????????# ##????????????????????? | | ???????????## ###?????????????????????? | | ????????????## ##???????????????????????? | | ?????????????## #????????????????????????? | | ??????????????# ##????????????????????????? | | ?????########## ############???????????????? | | ?????# ## ????????????? | | ?????# """ # ## ????????????? | | ?????# """ ## #### ###########???????????????? | +----------------------------------------------------+ Best States ------------- Heat Dissipation 25 Energy Generation 10 Energy Capacity 250 Matter Stores 300 Matter Capacity 300 Sight Range 16 Terrain Scan Density 10 Evasion (%) 44 Item Schematics ----------------- None Robot Schematics ------------------ None Fabricated ------------ Nothing Alien Tech Used ----------------- None Achievements -------------- None Challenges ------------ None Game ------ Seed PoweredSurgeExoskeleton Manual? 0 Play Time 00:08:52 Cumulative 25.5 hours Start 2024.09.01 @ 04:14:02 End 2024.09.01 @ 04:23:19 Sessions 1 Manual Loads 0 Difficulty Rogue Special Mode None Game No. 37 Rogue 37 Adventurer 0 Explorer 0 Win Type - Total 0 Types 0/0/0/0/0/0/0/0/0 Lore% 14 Gallery% 26 Achievement% 25 Wizard Run 0 Options --------- Layout 0 ASCII 0 Keyboard 0 Movement Numpad Keybinds 0 Fullscreen 1 Font 18/Cog Map View 76x50 Zoom Use 0% Tactical HUD 0 Map Filters NONE Filters NONE Steam 1 RUN: 6c481218-7951-4c18-a094-c480bf3fd8fe